Map: Hard Lead LE

Players

chupas

  • Race: Terran Terran
  • League: Diamond
  • Spawn Location: 5:00

SubN - Winner!

  • Race: Zerg Zerg
  • League: Diamond
  • Spawn Location: 11:00

VOD

Have the link to the VOD?

Description

Time

  • Played on: Dec. 20, 2023, 11:27 p.m.
  • Length: 13:30
Show
View Real Time Build Order
Export as new Build Order

chupas Terran 

Build Orders:  

Get SALT Encoding   

  12  0:02  SCV  
  13  0:18  Supply Depot  
  13  0:27  Refinery  
  13  0:43  Barracks  
  13  0:56  Barracks  
  13  1:02  SCV  
  14  1:14  SCV  
  15  1:26  SCV  
  15  1:30  Reaper  
  17  1:39  Orbital Command  
  17  1:43  Reaper  
  18  2:02  Reaper  
  18  2:05  SCV  
  20  2:15  Reaper  
  21  2:24  Command Center  
  21  2:33  SCV  
  20  3:05  Barracks Tech Lab, Barracks Reactor  
  20  3:11  Refinery, SCV  
  21  3:23  SCV  
  21  3:26  Marine  
  23  3:36  SCV  
  24  3:44  Stimpack, Marine  
  24  3:45  Marine  
  24  3:46  Marine  
  24  3:47  Orbital Command  
  28  3:48  SCV  
  28  3:51  Refinery  
  28  4:00  Barracks, SCV  
  28  4:01  Marine  
  30  4:03  Marine x2  
  30  4:05  Factory  
  32  4:12  SCV  
  32  4:13  SCV  
  34  4:19  Supply Depot, Marine  
  34  4:21  Marine x2  
  37  4:24  SCV  
  37  4:27  Supply Depot  
  38  4:40  Marine x3, SCV  
  42  4:56  Barracks Reactor  
  42  4:57  Factory Reactor  
  42  4:58  Marine x2  
  44  5:00  Starport  
  44  5:01  Marine  
  45  5:08  Supply Depot  
  45  5:10  Supply Depot  
  45  5:15  Supply Depot, Marine x2  
  45  5:17  SCV x2  
  45  5:18  Supply Depot  
  45  5:19  Marine  
  50  5:24  Combat Shield  
  50  5:29  SCV x2  
  50  5:33  Marine  
  50  5:34  Refinery  
  55  5:42  Factory  
  55  5:43  Marine  
  55  5:44  Factory Tech Lab  
  54  5:50  Medivac  
  56  5:59  Medivac  
  58  6:07  SCV x2  
  60  6:12  Supply Depot  
  60  6:14  Supply Depot  
  60  6:15  Supply Depot  
  60  6:18  Supply Depot  
  60  6:19  Supply Depot, SCV x2  
  60  6:23  Supply Depot  
  62  6:28  Supply Depot  
  62  6:31  SCV, Medivac  
  65  6:41  Medivac  
  65  6:46  Factory Reactor  
  67  6:47  Supply Depot  
  67  6:53  Concussive Shells  
  67  6:58  SCV x2  
  67  7:01  Medivac  
  71  7:10  SCV  
  71  7:15  Marine x5  
  74  7:18  Infernal Pre-Igniter  
  74  7:21  Armory  
  77  7:23  SCV x2  
  79  7:33  Marine x4  
  81  7:51  Marine x3  
  75  7:52  Marauder  
  73  8:09  Marine x4  
  73  8:12  Hellion x3  
  83  8:13  Marauder  
  83  8:19  Factory  
  85  8:23  Terran Vehicle Weapons Level 1  
  85  8:24  Factory  
  85  8:27  Marine x3  
  85  8:28  Engineering Bay  
  85  8:29  Engineering Bay  
  88  8:35  Marauder  
  88  8:37  Siege Tank  
  88  8:38  Hellion x2, Medivac  
  88  8:39  Medivac  
  101  8:49  Marine x3  
  104  8:56  Marauder  
  106  9:13  Terran Infantry Armor Level 1, Terran Infantry Weapons Level 1  
  106  9:14  Factory Tech Lab x2  
  106  9:18  Marauder, Hellion x2, Siege Tank  
  106  9:22  Marine  
  106  9:23  Marine x3  
  119  9:39  Marauder  
  119  9:40  Marine x2  
  119  9:41  Marine x2  
  119  9:43  Command Center  
  125  9:54  Siege Tank x2  
  125  9:55  Siege Tank  
  110  10:00  Marauder  
  89  10:10  Hellion  
  89  10:11  Hellion  
  88  10:22  Marauder  
  88  10:26  Marine x4  
  88  10:27  Widow Mine x3  
  94  10:32  Hellion, Widow Mine  
  76  10:42  Marine  
  76  10:43  Marine  
  76  10:44  Marine x3  
  76  10:48  Hellion  
  83  10:55  Hellion x2  
  83  10:56  Hellion  
  89  11:00  Marine  
  89  11:01  Marine x2  
  89  11:02  Marine x2  
  89  11:03  Terran Vehicle Weapons Level 2  
  94  11:13  Command Center  
  89  11:18  Marine  
  89  11:19  Marine  
  89  11:25  Marine x3  
  83  11:32  Hellion x2  
  81  11:33  Hellion  
  81  11:36  Marine  
  81  11:37  Marine  
  83  11:43  Marine x2  
  85  11:51  SCV x2  
  83  11:56  SCV  
  84  12:03  SCV x2  
  84  12:06  Hellion x2  
  84  12:07  Hellion x3  
  91  12:19  Marauder  
  91  12:22  Orbital Command  
  93  12:27  Hellion  
  93  12:28  Hellion x3  
  101  12:40  Marauder, Orbital Command  
  103  12:48  Barracks  
  103  12:56  Hellion x3  
  107  13:02  Marauder  
Show
View Real Time Build Order
Export as new Build Order

SubN Zerg - Winner!

Build Orders: Hatch First 

Get SALT Encoding   

  12  0:00  Drone  
  13  0:12  Overlord  
  13  0:24  Drone  
  14  0:30  Drone x2  
  16  0:50  Hatchery  
  16  0:53  Drone  
  16  0:56  Drone  
  17  1:00  Drone  
  17  1:03  Extractor  
  17  1:15  Spawning Pool  
  16  1:19  Drone  
  16  1:22  Drone  
  18  1:29  Drone  
  20  1:40  Drone  
  20  2:00  Overlord  
  20  2:06  Queen x2  
  24  2:09  Metabolic Boost  
  24  2:12  Drone  
  24  2:15  Drone  
  26  2:18  Drone  
  26  2:21  Drone  
  28  2:29  Drone x2  
  30  2:35  Extractor  
  27  3:01  Drone x2  
  27  3:02  Drone x4  
  27  3:04  Queen  
  35  3:07  Lair  
  33  3:40  Queen  
  34  3:44  Drone x2  
  36  3:49  Overlord x2  
  36  3:52  Overlord  
  36  3:57  Hatchery  
  36  3:58  Drone  
  36  4:14  Overseer  
  36  4:15  Queen  
  38  4:21  Drone  
  38  4:22  Drone x8  
  47  4:30  Drone  
  48  4:52  Drone x4  
  52  4:58  Overlord x4  
  52  5:03  Baneling Nest  
  51  5:08  Drone x2, Evolution Chamber  
  51  5:09  Evolution Chamber  
  51  5:10  Overlord  
  51  5:12  Drone x3  
  54  5:14  Extractor  
  54  5:17  Drone x2  
  55  5:22  Extractor, Queen  
  55  5:23  Queen  
  55  5:26  Drone  
  55  5:27  Drone  
  60  5:34  Zerg Melee Weapons Level 1  
  60  5:35  Zerg Ground Armor Level 1  
  60  5:39  Drone x2  
  62  5:46  Drone x7  
  62  5:48  Queen  
  71  5:50  Overlord  
  71  5:58  Centrifugal Hooks  
  71  6:01  Drone x3  
  74  6:05  Drone  
  74  6:07  Hydralisk Den  
  74  6:09  Drone x5  
  79  6:13  Overlord, Extractor  
  78  6:28  Zergling x2  
  78  6:29  Zergling x12  
  85  6:35  Drone  
  86  6:43  Drone x3  
  86  6:46  Zergling x4  
  86  6:47  Zergling x10, Extractor  
  96  6:50  Baneling x14  
  96  6:51  Overseer  
  95  6:55  Grooved Spines  
  95  6:58  Drone  
  96  7:02  Hydralisk x2  
  100  7:12  Drone  
  101  7:24  Drone  
  101  7:29  Zerg Missile Weapons Level 1  
  102  7:35  Spore Crawler  
  99  7:45  Muscular Augments  
  94  7:53  Queen  
  94  7:54  Queen x2  
  99  8:03  Hydralisk  
  99  8:04  Hydralisk x7  
  114  8:15  Spore Crawler  
  113  8:22  Spore Crawler  
  113  8:24  Zerg Ground Armor Level 2  
  112  8:27  Spore Crawler  
  112  8:28  Hatchery  
  112  8:31  Drone x4  
  112  8:32  Overlord x3  
  112  8:33  Overlord x3  
  114  8:40  Infestation Pit  
  113  8:42  Extractor  
  113  8:45  Extractor  
  111  8:57  Drone x14  
  125  9:08  Infestation Pit  
  124  9:16  Drone x6  
  131  9:17  Drone  
  131  9:22  Hydralisk x4  
  131  9:23  Hydralisk x5  
  149  9:29  Hatchery  
  148  9:40  Zergling x8  
  148  9:44  Zergling x4  
  148  9:45  Zergling x12  
  151  10:06  Hydralisk x3  
  150  10:09  Overlord x2  
  150  10:10  Overlord x3  
  154  10:14  Extractor  
  154  10:15  Extractor  
  154  10:17  Drone  
  132  10:30  Hatchery  
  132  10:34  Hydralisk x4  
  137  10:39  Hive  
  137  10:40  Zerg Melee Weapons Level 2  
  137  10:49  Drone  
  139  10:50  Drone x2  
  139  10:54  Drone x2  
  139  10:55  Drone x3  
  145  10:59  Zerg Missile Weapons Level 2  
  145  11:09  Zergling x20  
  155  11:14  Spore Crawler  
  155  11:15  Spore Crawler  
  138  11:32  Zergling x12  
  126  11:33  Zergling x14  
  126  11:34  Overseer  
  133  11:42  Queen  
  133  11:55  Pneumatized Carapace  
  133  11:58  Baneling x12  
  133  11:59  Baneling x16  
  133  12:03  Overseer x3  
  123  12:11  Hydralisk x9, Zergling x2  
  123  12:12  Hydralisk x3  
  146  12:25  Viper x5  
  146  12:27  Ultralisk Cavern  
  146  12:28  Overseer x2  
  160  12:30  Overseer  
  160  12:33  Overlord x3  
  160  12:36  Zergling x18  
  160  12:37  Zergling x10  
  169  13:01  Zergling x12  
  169  13:02  Zergling x14  
Tags
 
Add a new tag
Caveats
  • Supply blocks, unpowered buildings, or Contaminate may cause inaccurate times.
  • Supply counts are checked every 10 seconds.